 Dungeon Crawl Stone Soup version 0.30.0-10-gfe55d96785 (webtiles) character file.

Game seed: 1658785524335649789

116 RKaid the Shield-Bearer (level 4, -1/41 HPs)
             Began as a Draconian Wanderer on May 15, 2023.
             Killed by divine providence
             ... invoked by an orc priest
              (9 damage)
             ... on level 3 of the Dungeon.
             The game lasted 00:04:21 (1442 turns).

RKaid the Shield-Bearer (Draconian Wanderer)        Turns: 1442, Time: 00:04:22

Health: -1/41      AC:  9    Str: 17    XL:     4   Next: 70%
Magic:  0/4        EV: 11    Int: 10    God:
Gold:   82         SH:  5    Dex: 12    Spells: 3/3 levels left

rFire   . . .        a - +1 hand axe
rCold   . . .        f - +0 buckler {AC+3}
rNeg    . . .        (body armour unavailable)
rPois   .            (helmet restricted)
rElec   .            (no cloak)
rCorr   .            n - +0 pair of gloves
SInv    .            (no boots)
Will    .....        h - amulet of guardian spirit
Stlth   +            (no ring)
HPRegen 0.26/turn    (no ring)
MPRegen 0.09/turn

%: guardian spirit
@: no status effects
A: AC +5, unfitting armour, cold-blooded
a: no special abilities


You were on level 3 of the Dungeon.
You visited 1 branch of the dungeon, and saw 3 of its levels.

You collected 82 gold pieces.

Inventory:

Hand Weapons
 a - a +1 hand axe (weapon)
 b - a +1 mace of protection
   (You found it on level 1 of the Dungeon)
Armour
 f - a +0 buckler of protection (worn)
 n - a +0 pair of gloves (worn)
   (You found it on level 1 of the Dungeon)
Jewellery
 h - an amulet of guardian spirit (around neck)
   (You found it on level 1 of the Dungeon)
 l - a ring of fire {rF+, rC-}
   (You found it on level 1 of the Dungeon)
Wands
 t - a wand of polymorph (8)
   (You found it on level 3 of the Dungeon)
Scrolls
 c - a scroll of vulnerability {!r!r}
 e - 2 scrolls of enchant weapon {unknown}
 g - a scroll of identify {unknown}
 m - a scroll of brand weapon {unknown}
 o - a scroll of teleportation {unknown}
 p - 2 scrolls of noise {unknown}
 q - 2 scrolls of immolation {!r}
 r - 2 scrolls of enchant armour {unknown}
 s - a scroll of magic mapping {unknown}
Potions
 d - a potion of degeneration {unknown}
 i - 2 potions of curing {unknown}
 j - a potion of brilliance {unknown}
 k - 2 potions of cancellation {unknown}


   Skills:
 + Level 4.3 Fighting
 + Level 2.7 Axes
 + Level 4.8 Shields
 - Level 2.0 Evocations


You had 3 spell levels left.
You didn't know any spells.
Your spell library contained the following spells:

 Spells                   Type           Power      Damage    Failure   Level
 Ensorcelled Hibernation  Hex/Ice        0%         N/A       58%         2
 Passwall                 Tmut/Erth      0%         N/A       58%         2
 Swiftness                Air            0%         N/A       82%         3


Dungeon Overview and Level Annotations

Branches:
Dungeon (3/15)

Altars:


Innate Abilities, Weirdness & Mutations

Your plain brown scales are hard. (AC +5)
You cannot fit into any form of body armour.
You are cold-blooded and may be slowed by cold attacks.


Message History

You hit the quokka. You block the quokka's attack.
You closely miss the quokka. The quokka closely misses you.
You block the quokka's attack.
You closely miss the quokka.
You hit the giant cockroach but do no damage.
The quokka misses you. The giant cockroach misses you.
You hit the quokka.
You kill the quokka!
You barely miss the giant cockroach. You block the giant cockroach's attack.
You hit the giant cockroach. You block the giant cockroach's attack.
The giant cockroach bites you but does no damage.
You hit the giant cockroach.
You kill the giant cockroach!
You hit the orc but do no damage. The orc barely misses you.
You hit the orc. The orc closely misses you.
You hit the orc.
Your tail-slap misses the orc.
The orc hits you but does no damage.
You hit the orc.
You kill the orc!
No target in view!
t - a wand of polymorph (8)
Items here: ( )) †.
Things that are here:
a +0 short sword; a scroll labelled KUXONOUQYRU
Things that are here:
a giant cockroach corpse; a bat corpse
There is a stone staircase leading up here.
You slash the orc!
You kill the orc!
Things that are here:
a +0 mace; an orc corpse You barely miss the orc priest.
Your tail-slap misses the orc priest.
The orc priest hits you but does no damage.
You hit the orc priest. The orc priest barely misses you.
You hit the orc priest.
Your tail-slap misses the orc priest.
The orc priest hits you but does no damage.
You closely miss the orc priest. The orc priest barely misses you.
The orc priest hits you but does no damage.
You hit the orc priest. The orc priest closely misses you.
You hit the orc priest. You tail-slap the orc priest.
The orc priest completely misses you.
You barely miss the orc priest. You block the orc priest's attack.
You hit the orc priest.
You kill the orc priest!
No target in view!
A rat comes into view.
Found an escape hatch in the floor.
You see here a scroll labelled BAQAESTREIB.
p - 2 scrolls labelled BAQAESTREIB (gained 1)
The orc shouts! x2
An orc comes into view. It is wielding a +0 flail.
The orc priest shouts!
The orc shouts!
The orc throws a stone.
The stone barely misses you. The rat barely misses you.
You barely miss the rat. You tail-slap the rat.
You kill the rat!
The orc throws a stone.
The stone hits you but does no damage.
The orc priest calls down the wrath of Beogh upon you.
Beogh smites you!
You barely miss the orc.
Your tail-slap misses the orc.
You block the orc's attack. The orc closely misses you.
You block the orc's attack.
You hit the orc. You closely miss the orc. You barely miss the orc.
The orc barely misses you. The orc hits you but does no damage. x2
You hit the orc. You barely miss the orc. You closely miss the orc.
The orc hits you with a +0 short sword. You block the orc's attack.
The orc hits you with a +0 flail.
You hit the orc priest.
Your tail-slap misses the orc priest.
You barely miss the orc. x2; You hit the orc.
The orc hits you but does no damage. You block the orc's attack.
The orc closely misses you.
The orc priest looks satisfied for a moment.
You barely miss the orc priest. You tail-slap the orc priest.
You barely miss the orc. You hit the orc. x2
The orc hits you with a +0 short sword. You block the orc's attack.
The orc closely misses you.
The orc priest hits you but does no damage.
You closely miss the orc priest. You hit the orc.
You kill the orc!
You hit the orc. You closely miss the orc. The orc misses you.
You block the orc priest's attack. The orc barely misses you.
You are too injured to fight recklessly!
You are too injured to fight recklessly!
You are too injured to fight recklessly!
You closely miss the orc priest.
You hit the orc. x2; The orc misses you.
The orc priest calls upon Beogh to heal the orc.
The orc's wounds heal themselves!
The orc hits you with a +0 flail.
The orc priest invokes the aid of Beogh against you.
Pain shoots through your body!
* * * LOW HITPOINT WARNING * * *
You block the orc's attack. The orc hits you but does no damage.
You barely miss the orc priest. You tail-slap the orc priest. You hit the orc.
You kill the orc!
You hit the orc. The orc hits you with a +0 flail.
* * * LOW HITPOINT WARNING * * *
The orc priest completely misses you.
You hit the orc priest. You hit the orc. The orc misses you.
The orc priest calls down the wrath of Beogh upon you.
Beogh smites you!
You die...

........).)).......
...###...)#######
####†....###
.#####.).."..#######
#$......<......#....#
.................=..#
####................#
##...............#
##.....o@.......#
#.....)o).......
##...........###
#...........##
..............
.........>.#...
...........###.
...........#


You could see an orc priest and an orc.

Vanquished Creatures
  An orc priest (D:3)
  3 adders (D:2)
  A worm (D:2)
  2 dart slugs (D:2)
  6 orcs
  2 endoplasms (D:1)
  2 giant cockroaches
  5 goblins
  4 hobgoblins (D:1)
  3 quokkas
  A ball python (D:1)
  5 bats
  2 frilled lizards
  6 kobolds
  5 rats
48 creatures vanquished.

Notes
Turn   | Place    | Note
-------+----------+-------------------------------------------
     0 | D:1      | RKaid the Draconian Wanderer began the quest for the Orb.
     0 | D:1      | RKaid set off with the following items: a +1 hand axe, a +0
                  | buckler of protection, a scroll of vulnerability {!r!r}.
     0 | D:1      | Reached XP level 1. HP: 19/19 MP: 1/1
   182 | D:1      | Reached XP level 2. HP: 24/26 MP: 2/2
   678 | D:2      | Reached skill level 2 in Axes
   678 | D:2      | Reached XP level 3. HP: 29/33 MP: 3/3
   786 | D:2      | Reached skill level 4 in Fighting
   904 | D:2      | Found a faded altar of an unknown god.
  1285 | D:2      | Reached XP level 4. HP: 25/40 MP: 2/4
  1441 | D:3      | HP: 8/41 [orc/+0 flail (4)]
  1442 | D:3      | Killed from afar by an orc priest

Illustrated notes

Levels and vault maps discovered:
D:1:      ebering_hopf_link, layout_rooms, minmay_cut_off
D:2:      layout_basic, hellmonk_ecumenical_altar_blasted
D:3:      layout_rooms, nicolae_overflow_hidden_temple

Skill      XL: |  1  2  3 |
---------------+----------+-----
Axes           | 2 |  2.7
Fighting       | 4 |  4.3
Shields        | |  4.8
Evocations     | |  2.0

Action                     |  1- 3 |  4- 6 || total
---------------------------+-------+-------++-------
  Melee: Mace              |    13 |       ||    13
         Hand axe          |    88 |    33 ||   121
         Tailslap          |     9 |     4 ||    13
 Armour: Skin              |    44 |    13 ||    57
  Dodge: Dodged            |    59 |    22 ||    81
  Block: Buckler           |    31 |    14 ||    45

Table legend: (Time is in decaauts)
 A = Elapsed time spent in this place.
 B = Non-inter-level travel time spent in this place.
 C = Inter-level travel time spent in this place.
 D = Time resting spent in this place.
 E = Time spent auto-exploring this place.
 F = Levels seen in this place.
 G = Mean time per level.
                   A        B        C        D        E       F      G
               +--------+--------+--------+--------+--------+-----+--------+
         Total |   1473 |   1403 |     70 |    182 |    812 |   3 |  491.0 |
       Dungeon |   1473 |   1403 |     70 |    182 |    812 |   3 |  491.0 |
               +--------+--------+--------+--------+--------+-----+--------+

Top non-repeatable levels by time:
     D:2: 713 daAuts
     D:1: 653 daAuts
     D:3: 106 daAuts

Table legend:
 A = Kills in this place as a percentage of kills in the entire game.
 B = Kills by you in this place as a percentage of kills by you in the entire game.
 C = Kills by friends in this place as a percentage of kills by friends in the entire game.
 D = Other kills in this place as a percentage of other kills in the entire game.
 E = Experience gained in this place as a percentage of experience gained in the entire game.
 F = Experience gained in this place divided by the number of levels of this place that you have seen.
                   A       B       C       D       E      F
               +-------+-------+-------+-------+-------+----------------------
         Total | 100.0 | 100.0 |   N/A |   N/A | 100.0 |  55.7
       Dungeon | 100.0 | 100.0 |   N/A |   N/A | 100.0 |  55.7
               +-------+-------+-------+-------+-------+----------------------
